 Dungeon Crawl Stone Soup version 0.27-a0-1374-gc14e5d3922 (console) character file.

Game seed: 14535188761903569997

1721214 Hector the Conqueror (level 27, 228/228 HPs)
             Began as a Djinni Abyssal Knight on June 25, 2021.
             Was the Champion of Lugonu.
             Escaped with the Orb
             ... and 3 runes on June 30, 2021!
             The game lasted 12:08:38 (71226 turns).

Hector the Conqueror (Djinni Abyssal Knight)       Turns: 71226, Time: 12:08:38

Health: 228/228    AC: 13    Str: 12    XL:     27
Gold:   6006       EV: 29    Int: 36    God:    Lugonu [******] SH: 19 Dex: 23

rFire    + + +     SeeInvis +   a - +9 quick blade (distort)
rCold    + . .     Faith    .   i - +5 kite shield {rF+}
rNeg     + . .     Spirit   .   d - +2 robe of Vines {NoPotionHeal Regen+++}
rPois    ∞         Reflect  .   h - +2 helmet {Int+3}
rElec    +         Harm     .   e - +2 cloak of the Thief {*Fog Slay-2 SInv Stlth+}
rCorr    +         Rampage  .   g - +2 pair of gloves "Mein" {rElec rN+ rCorr Stlth-}
Will     ++...                  (boots unavailable)
Stlth    +.........             K - amulet of regeneration
HPRegen  4.48/turn              z - ring "Yma Hyzi" {rC++ rCorr Int+6 Dex+6}
MPRegen  0.00/turn              S - ring of Hoji Lupu {EV+4 Int+5 Dex+2 Slay+2}

@: flying, studying Crossbows
A: sickness immunity, fire resistance 2, cold vulnerability 1, float, innate
caster, hp casting, extra vitality 1, dopey 1, screaming 1
0: Orb of Zot
}: 3/15 runes: decaying, serpentine, silver
a: Renounce Religion, Depart the Abyss, Bend Space, Banish, Corrupt, Enter the
Abyss


You escaped.
You worshipped Lugonu.
Lugonu was exalted by your worship.
You visited 9 branches of the dungeon, and saw 49 of its levels.
You visited the Abyss 2 times.
You also visited: Gauntlet, Ice Cave and Volcano.

You collected 8655 gold pieces.
You spent 2649 gold pieces at shops.

Inventory:

Hand Weapons
 a - a +9 quick blade of distortion (weapon)
 b - a +5 short sword of holy wrath
 c - a +1 antimagic rapier
Missiles
 o - 45 boomerangs (quivered)
 u - 12 boomerangs of dispersal
Armour
 d - the +2 robe of Vines (worn) {NoPotionHeal Regen+++}
   (You found it on level 15 of the Dungeon)

   Regen:     It increases your rate of health regeneration.
 e - the +2 cloak of the Thief (worn) {*Fog Slay-2 SInv Stlth+}
   (You found it on level 5 of the Vaults)

   Slay:      It affects your accuracy & damage with ranged weapons and melee
   (-2).
   SInv:      It lets you see invisible.
   Stlth:     It makes you more stealthy.
 g - the +2 pair of gloves "Mein" (worn) {rElec rN+ rCorr Stlth-}
   (You acquired it on level 11 of the Dungeon)

   rElec:     It insulates you from electricity.
   rN:        It protects you from negative energy.
   rCorr:     It protects you from acid and corrosion.
   Stlth:     It makes you less stealthy.
 h - a +2 helmet of intelligence (worn)
 i - a +5 kite shield of fire resistance (worn)
 B - a +2 cloak of willpower
Jewellery
 l - a ring of wizardry
 z - the ring "Yma Hyzi" (left hand) {rC++ rCorr Int+6 Dex+6}
   (You took it off a vault guard on level 5 of the Vaults)

   [ring of intelligence]

   Int:       It affects your intelligence (+6).
   Dex:       It affects your dexterity (+6).
   rC:        It greatly protects you from cold.
   rCorr:     It protects you from acid and corrosion.
 C - the ring "Oshui" {rC+ Str+6 SInv}
   (You found it in a Gauntlet)

   [ring of see invisible]

   Str:       It affects your strength (+6).
   rC:        It protects you from cold.
   SInv:      It lets you see invisible.
 K - an amulet of regeneration (around neck)
 S - the ring of Hoji Lupu (right hand) {EV+4 Int+5 Dex+2 Slay+2}
   (You took it off a vault guard on level 5 of the Vaults)

   [ring of evasion]

   EV:        It affects your evasion (+4).
   Int:       It affects your intelligence (+5).
   Dex:       It affects your dexterity (+2).
   Slay:      It affects your accuracy & damage with ranged weapons and melee
   (+2).
 T - a ring of willpower
 U - the ring of the Tortoise {AC+8}
   (You found it on level 3 of the Elven Halls)

   [ring of protection]

   AC:        It affects your AC (+8).
Wands
 q - a wand of mindburst (12)
 D - a wand of digging (45)
 P - a wand of acid (32)
 R - a wand of iceblast (99)
 X - a wand of flame (19)
Scrolls
 f - 12 scrolls of fear
 j - 52 scrolls of identify
 m - 11 scrolls of magic mapping
 s - 5 scrolls of summoning
 w - 4 scrolls of holy word
 E - a scroll of brand weapon
 F - a scroll of enchant armour
 L - 12 scrolls of fog
 N - 7 scrolls of blinking
 O - 9 scrolls of noise
 Q - 4 scrolls of silence
 Y - 26 scrolls of teleportation
Potions
 k - 10 potions of invisibility
 n - 38 potions of curing
 p - 9 potions of brilliance
 t - 9 potions of resistance
 v - 32 potions of heal wounds
 x - 5 potions of berserk rage
 A - 15 potions of ambrosia
 G - 8 potions of might
 H - 8 potions of cancellation
 I - 7 potions of mutation
 M - 5 potions of haste
Miscellaneous
 r - a phantom mirror
 y - a lightning rod (4/4)
 J - a box of beasts


   Skills:
 O Level 27 Fighting
 + Level 17.1 Short Blades
 - Level 2.2 Axes
 - Level 2.6 Armour
 - Level 15.0 Dodging
 - Level 15.0 Shields
 - Level 24.0 Spellcasting
 - Level 16.0 Invocations


You had 4 spell levels left.
You knew the following spells:

 Your Spells              Type           Power      Damage    Failure   Level
a - Iron Shot             Conj/Erth      60%        9d11      0%          6
c - Mephitic Cloud        Conj/Pois/Air  100%       N/A       0%          3
i - Call Imp              Summ           100%       N/A       0%          2
r - Ozocubu's Refrigerat  Ice            60%        4d17      1%          7
s - Shadow Creatures      Summ           N/A        N/A       0%          6
z - Ignition              Fire           60%        3d16      1%          8
F - Freezing Cloud        Conj/Ice/Air   60%        6-21      0%          5
H - Summon Hydra          Summ           60%        N/A       1%          7
I - Freeze                Ice            100%       1d11      0%          1
M - Borgnjor's Revivific  Necr           60%        N/A       1%          8
N - Death's Door          Necr           60%        N/A       3%          9
O - Olgreb's Toxic Radia  Pois           100%       N/A       0%          4
Y - Summon Ice Beast      Ice/Summ       100%       N/A       0%          4
Your spell library was empty.

Dungeon Overview and Level Annotations

Branches:
Dungeon (15/15)            Temple (0/1) D:5            Lair (6/6) D:11
  Swamp (4/4) Lair:2        Snake (4/4) Lair:4        Slime (0/5) Lair:6
    Orc (2/2) D:11            Elf (3/3) Orc:2        Vaults (5/5) D:13
  Crypt (0/3) Vaults:2     Depths (5/5) D:15            Zot (5/5) Depths:5
  IceCv (visited)         Volcano (visited)         Gauntlet (visited)

Altars:
Ashenzari
Cheibriados
Dithmenos
Elyvilon
Fedhas
Hepliaklqana
Kikubaaqudgha
Nemelex Xobeh
Trog
Uskayaw
Wu Jian
Xom
Zin
The Shining One
Lugonu

Shops:
D:1 =   D:6 *   D:8 =*(   D:13 (   Orc:2 *?[!(   Elf:1 *   Elf:2 (   Snake:2 (
Snake:3 [   Snake:4 (   Vaults:4 [   Depths:1 *

Portals:
Hell: Depths:1 Depths:2 Depths:3 Depths:4 Depths:5
Abyss: Depths:4 Depths:5
Pandemonium: Depths:1 Depths:2 Depths:3 Depths:5
Ziggurat: Depths:3

Annotations:
Snake:1 corrupted
Snake:4 corrupted
Elf:2 corrupted
Vaults:5 corrupted
Zot:3 3 runed translucent doors, corrupted
Abyss:1 Bai Suzhen


Innate Abilities, Weirdness & Mutations

You are immune to sickness and miasma.
You are immune to poison.
Your flesh is very heat resistant. (rF++)
You are vulnerable to cold. (rC-)
You float through the air rather than walking.
You learn spells naturally, not from books.
Your magical power is your life essence.
You have superior vitality. (+4 HP)
You are dopey. (Int -2)
You occasionally shout uncontrollably at your foes.


Message History

(D) Dungeon (T) Temple (L) Lair (S) Swamp (P) Snake Pit (M) Slime Pits (O) Orcish Mines (E) Elven Halls (V) Vaults (C) Crypt (U) Depths (H) Hell (Z) Zot
Where to? (* - list waypoints, Enter - D:1, ? - help)
You yell at the orange demon!
An orange demon comes into view.
The orange demon screeches!
Casting: Iron Shot (safe; 0% risk of failure)
Confirm with . or Enter, or press ? or * to list all spells.
You can't see any susceptible monsters within range! (Use Z to cast anyway.)
Casting: Iron Shot (safe; 0% risk of failure)
Confirm with . or Enter, or press ? or * to list all spells.
The heat is drained from your surroundings.
You feel very cold.
The orange demon is frozen.
The orange demon is almost dead.
Unknown command.
Casting: Ozocubu's Refrigeration (safe; 1% risk of failure)
Confirm with . or Enter, or press ? or * to list all spells.
The heat is drained from your surroundings.
You feel very cold.
The orange demon is frozen.
You kill the orange demon!
Lugonu accepts your kill.
(D) Dungeon (T) Temple (L) Lair (S) Swamp (P) Snake Pit (M) Slime Pits (O) Orcish Mines (E) Elven Halls (V) Vaults (C) Crypt (U) Depths (H) Hell (Z) Zot
Where to? (* - list waypoints, Enter - D:1, ? - help) HP restored.
There is an open door here.
There is a stone staircase leading up here.
You fly upwards.
There is a stone staircase leading down here.
You can drink potions again.
There is an open door here.
There is a staircase leading out of the dungeon here.
Enter note: Woot!
Unknown command.
Unknown command.
You have escaped!

#.## #.# #.#.#.# #
#.####.##### #.#.#.# #
...........#######.# #
#.####.###....+.##.# # ..#
#.# ######.##.# # ###
#.########.##.####### #
######........#.##.......#
#
....###########.########.#
# ###.# #.'.@# #.# # # #.#
####.#.##### #.# # # #.#
#....#.#...# #.# # # #.#
#.####.###.####.#### # #
#.# #.####.# #.........# #
###.# #.##.+.#
######.##.##### ....#
####.##.### #.##......
##### #.......# #.##.#####
...# #.##.##.# ######.##.#


There were no monsters in sight!

Vanquished Creatures
  4 dread liches
  3 orbs of fire (Zot:5)
  An ancient lich (Zot:5)
  Mara (Depths:1)
  Sojobo (Depths:5)
  Boris (Vaults:5)
  10 Killer Klowns
  3 curse toes
  9 golden dragons
  the Enchantress (Depths:1)
  A profane servitor (Depths:1)
  A Tzitzimitl (Depths:1)
  3 electric golems
  3 hellephants (Depths:4)
  An Ice Fiend (Depths:4)
  26 Orb Guardians (Zot:5)
  Rupert (D:13)
  14 tentacled monstrosities
  4 liches
  An acid blob (Zot:3)
  Asterion (Elf:1)
  A deep elf blademaster (Elf:2)
  7 titans
  2 deep elf master archers
  5 quicksilver dragons
  The ghost of Nattfarinn the Brawler, an adept TrBe of Trog (Snake:1)
  7 sphinxes
  Frances (Snake:2)
  9 death cobs
  10 shadow dragons
  5 tengu reavers
  4 nagarajas (Snake:4)
  18 storm dragons
  12 fire giants
  An azure jelly (Elf:2)
  A fenstrider witch (Swamp:2)
  7 draconian scorchers
  6 draconian monks
  8 deep elf sorcerers
  4 frost giants
  13 vault wardens
  An iron dragon (Depths:2)
  The ghost of Feb132020 the Tainter, a journeyman DsVM of Ashenzari (Snake:1)
  3 ghost moths
  6 draconian knights
  Aizul (Snake:4)
  2 cacodemons
  An orc warlord (Vaults:1)
  5 draconian shifters
  11 draconian annihilators
  A reaper (D:8)
  3 deep elf elementalists (Elf:3)
  8 stone giants
  25 ironbound preservers
  5 draconian stormcallers
  A quicksilver ooze (shapeshifter) (Vaults:5)
  32 very ugly things
  3 spriggan defenders (Depths:1)
  A war gargoyle (Vaults:5)
  18 black draconians
  6 vampire knights
  8 deep elf demonologists
  6 dire elephants
  An entropy weaver (shapeshifter) (Vaults:5)
  17 red draconians
  5 entropy weavers
  A minotaur (Gauntlet)
  13 yellow draconians
  20 green draconians
  12 white draconians
  A bunyip (Swamp:4)
  5 deep elf annihilators
  14 purple draconians
  A crystal guardian (Vaults:4)
  10 spark wasps
  A deep elf death mage (Depths:3)
  10 ettins
  2 merfolk javelineers (Depths:3)
  2 blizzard demons
  A green death (Depths:1)
  5 deep elf high priests
  An eleionoma (Swamp:3)
  Snorg (D:13)
  A merfolk impaler (Depths:3)
  13 yaktaur captains
  2 jiangshi (Depths:3)
  7 great orbs of eyes
  4 rakshasas
  12 hydras
  5 fire dragons
  4 boulder beetles
  A boulder beetle (shapeshifter) (Vaults:5)
  2 peacekeepers
  18 vault guards
  4 salamander tyrants
  5 naga warriors
  9 ironbound thunderhulks
  6 spriggan air magi
  12 centaur warriors
  4 ghost crabs
  4 ice dragons
  The ghost of Conn the Arsonist, a journeyman OpFE of Sif Muna (D:11)
  4 ironbound frosthearts
  An ogre mage (Vaults:5)
  6 alligators
  A catoblepas (D:15)
  2 two-headed ogres
  9 dancing weapons
  2 death knights (Vaults:2)
  4 deep troll shamans
  6 anacondas
  9 ironbound beastmasters
  5 death yaks (Lair:6)
  5 orc high priests
  4 spriggan berserkers
  5 hell hogs (Depths:4)
  3 vampire magi
  12 deep troll earth magi
  15 naga sharpshooters
  9 deep elf knights
  Urug (D:13)
  A sun demon (D:15)
  5 tengu warriors
  8 hell knights
  5 shock serpents
  A fire crab (Volcano)
  5 sixfirhies
  A wretched star (Gauntlet)
  5 iron trolls
  6 salamander mystics
  A shadow wraith (Vaults:2)
  4 goliath frogs
  8 skeletal warriors
  5 glowing orange brains
  A death drake (Swamp:1)
  An infernal demonspawn (D:11)
  2 flayed ghosts
  10 phantasmal warriors
  A deep troll (shapeshifter) (Depths:4)
  17 ironbound convokers
  59 deep trolls
  9 deep elf archers
  5 naga ritualists
  An anaconda skeleton (Snake:1)
  12 harpies
  A harpy (shapeshifter) (Elf:1)
  5 swamp dragons
  12 wizards
  4 necromancers
  11 lindwurms
  22 deep elf pyromancers
  18 deep elf zephyrmancers
  7 mana vipers
  An orc sorcerer (Orc:1)
  11 orc knights
  4 will-o-the-wisps
  A wolf spider (shapeshifter) (D:14)
  3 cyclopes
  An orb spider (shapeshifter) (D:14)
  15 salamanders
  20 moths of wrath
  43 ugly things
  3 ice statues (IceCv)
  4 manticores
  14 elephants
  A water nymph (shapeshifter) (Vaults:1)
  19 naga magi
  28 black mambas
  A guardian serpent (Snake:3)
  12 vault sentinels
  A stone giant skeleton (Vaults:2)
  2 smoke demons (Zot:5)
  3 torpor snails (Lair:6)
  9 cane toads
  3 orange demons
  A cane toad (shapeshifter) (Vaults:5)
  2 gargoyles (D:12)
  3 efreet
  4 freezing wraiths
  4 ice devils (IceCv)
  3 kobold demonologists
  8 tengu conjurers
  7 komodo dragons
  An anaconda simulacrum (IceCv)
  37 yaktaurs
  A yaktaur skeleton (Vaults:2)
  3 hellwings (Zot:5)
  21 hornets
  A jumping spider (Vaults:4)
  A polar bear (Lair:6)
  5 trolls
  A bloated husk (Swamp:2)
  A polar bear (shapeshifter) (Elf:2)
  A queen bee (D:11)
  A meliai (shapeshifter) (D:15)
  5 tyrant leeches
  2 raiju (shapeshifter)
  15 blink frogs
  A dream sheep (shapeshifter) (Vaults:5)
  28 slime creatures
  Prince Ribbit (D:9)
  3 dream sheep (Lair:4)
  A redback (shapeshifter) (Vaults:5)
  Sigmund (D:6)
  8 redbacks
  A shadow (D:13)
  22 spriggans
  A tarantella (Vaults:4)
  5 air elementals
  A dire elephant simulacrum (IceCv)
  3 wyverns
  Eustachio (D:4)
  14 water elementals
  2 fire elementals
  45 yaks
  4 fire bats (Volcano)
  4 basilisks
  2 chaos spawn (Gauntlet)
  A small abomination (Gauntlet)
  9 vampire mosquitoes
  A neqoxec (Gauntlet)
  3 steam dragons
  5 wargs
  4 swamp worm simulacra (Swamp:4)
  Edmund (D:6)
  6 swamp worms
  33 nagas
  Duvessa (D:7)
  4 water moccasins
  An acid dragon (D:14)
  8 hydra simulacra
  30 orc warriors
  4 black bears
  3 ogres
  4 boggarts (Lair:6)
  51 wolves
  26 centaurs
  Blork the orc (D:6)
  4 kobold brigands
  8 bullfrogs
  4 earth elementals
  4 scorpions
  Dowan (D:7)
  29 killer bees
  6 howler monkeys
  An electric eel (Snake:3)
  6 lava snakes (Volcano)
  2 centaur zombies (D:8)
  3 jellies (Gauntlet)
  3 hounds
  18 orc priests
  4 iguanas
  13 orc wizards
  5 adders
  A white imp (D:6)
  3 swamp drake simulacra (Swamp:4)
  An adder zombie (D:5)
  2 adder skeletons
  A worm (D:3)
  3 dart slugs
  52 orcs
  8 ball pythons
  6 bats
  10 endoplasms
  5 giant cockroaches
  4 goblins
  8 hobgoblins
  5 jackals
  2 quokkas (D:3)
  3 frilled lizards
  14 kobolds
  5 rats
1868 creatures vanquished.

Vanquished Creatures (collateral kills)
  The ghost of Peqeif the Gnoll Aeon, a legendary GnMo of Cheibriados (Zot:3)
  A juggernaut (Depths:4)
  Boris (Depths:5)
  The ghost of Iryommi the Sniper, a legendary KoDe of Makhleb (Zot:3)
  A Killer Klown (Zot:5)
  A shard shrike (Zot:3)
  2 electric golems
  An Ice Fiend (IceCv)
  5 tentacled monstrosities
  2 liches
  A deep elf master archer (Elf:2)
  2 shadow dragons
  A sphinx (Depths:1)
  Roxanne (Snake:4)
  A thorn hunter (Swamp:2)
  2 tengu reavers
  2 nagarajas (Snake:4)
  An azure jelly (Swamp:4)
  A storm dragon (Zot:5)
  2 iron dragons
  2 draconian knights
  5 fire giants
  2 orc warlords
  A deep elf sorcerer (Elf:2)
  2 frost giants
  A vault warden (Vaults:4)
  A draconian stormcaller (Zot:1)
  2 deep elf elementalists (Elf:3)
  A draconian shifter (Zot:3)
  13 very ugly things
  3 stone giants
  2 white draconians
  A vampire knight (Depths:2)
  9 deep elf annihilators
  A spark wasp (Depths:3)
  2 yellow draconians (Zot:3)
  A deep elf demonologist (Elf:3)
  2 black draconians
  A purple draconian (Zot:3)
  3 eleionomae (Swamp:4)
  A crystal guardian (Vaults:4)
  A deep elf death mage (Elf:3)
  2 shambling mangroves
  A jiangshi (Depths:3)
  4 fire dragons
  A yaktaur captain (Vaults:5)
  3 great orbs of eyes (Depths:1)
  8 ice dragons
  A rakshasa (Depths:2)
  A ghost crab (Swamp:1)
  2 vault guards (Vaults:5)
  6 naga warriors
  A peacekeeper (Vaults:1)
  9 hydras
  2 ironbound thunderhulks (Vaults:2)
  4 ironbound frosthearts
  An anaconda (Snake:3)
  A centaur warrior (D:15)
  A death yak (Lair:6)
  2 tengu warriors
  6 dancing weapons
  2 deep troll shamans (Depths:2)
  A deep troll earth mage (Depths:1)
  3 shock serpents
  An orc high priest (Orc:2)
  13 naga sharpshooters
  A shock serpent (shapeshifter) (Vaults:5)
  A storm dragon skeleton (Depths:3)
  2 salamander mystics
  4 iron trolls
  A sixfirhy (Depths:1)
  2 spectral anacondas (Snake:1)
  5 deep trolls
  2 goliath frogs
  4 deep elf archers
  3 naga ritualists
  An orange crystal statue (Zot:5)
  3 bog bodies
  An anaconda skeleton (Snake:1)
  2 phantasmal warriors
  An ironbound convoker (Vaults:2)
  2 orc knights (Orc:2)
  A necromancer (Depths:3)
  A harpy (Vaults:1)
  4 mana vipers
  3 deep elf pyromancers
  10 ugly things
  2 will-o-the-wisps
  A fire giant zombie (Depths:3)
  2 moths of wrath (Zot:3)
  5 elephants
  A vault sentinel (Vaults:1)
  9 naga magi
  A fire giant skeleton (Depths:3)
  A guardian serpent (Snake:3)
  12 black mambas
  2 molten gargoyles (Volcano)
  2 cane toads (Lair:6)
  An anaconda simulacrum (IceCv)
  4 freezing wraiths
  A spriggan skeleton (Depths:3)
  3 komodo dragons
  A rime drake (Lair:6)
  3 yaktaurs
  2 golden dragon simulacra (IceCv)
  10 ice devils
  A yaktaur skeleton (Vaults:2)
  A tengu conjurer (Depths:1)
  3 polar bears
  3 hornets
  8 blink frogs
  Grinder (D:3)
  A dream sheep (Lair:4)
  A tyrant leech (Swamp:1)
  A human simulacrum (Vaults:2)
  3 air elementals
  A redback (Vaults:2)
  15 yaks
  4 spriggans
  A water elemental (Elf:2)
  3 wraiths
  A steam dragon (Volcano)
  Grum (Lair:1)
  A basilisk (Lair:3)
  A nameless horror (Elf:3)
  A swamp worm simulacrum (Swamp:4)
  A chaos spawn (Depths:1)
  2 vampire mosquitoes
  A yaktaur simulacrum (Vaults:2)
  19 nagas
  2 swamp worms
  An iron troll simulacrum (IceCv)
  14 hydra simulacra (Swamp:4)
  7 water moccasins
  An orc warrior (Orc:2)
  4 ice beasts (Elf:2)
  13 wolves
  2 ogres
  3 centaurs
  A phantom (D:6)
  A kobold brigand (D:7)
  2 earth elementals (Elf:2)
  4 bullfrogs
  2 water moccasin skeletons
  5 wights (D:10)
  6 centaur zombies
  A jelly (D:7)
  2 bullfrog zombies (D:6)
  A scorpion zombie (D:5)
  An adder (D:4)
  A white imp (D:5)
  4 orcs (D:4)
  2 endoplasms (D:4)
  A kobold (D:6)
  A starspawn tentacle (Zot:3)
437 creatures vanquished.

Vanquished Creatures (others)
  A deep elf blademaster (Elf:2)
  An eldritch tentacle (Zot:3)
  6 vault guards (Vaults:5)
  11 dancing weapons (Elf:2)
  A hell knight (Vaults:5)
  4 deep elf knights (Elf:2)
  2 salamander mystics (Snake:4)
  2 anaconda zombies (Snake:1)
  A naga ritualist (Snake:4)
  3 deep elf pyromancers (Elf:2)
  6 deep elf zephyrmancers
  An anaconda skeleton (Snake:1)
  2 mana vipers (Snake:4)
  2 salamanders (Snake:4)
  A naga mage (Snake:4)
  A guardian serpent (Snake:4)
  5 anaconda simulacra (Snake:1)
  A tyrant leech (Swamp:1)
  A spriggan (Depths:1)
  2 vampire mosquitoes (Swamp:1)
  2 nagas (Snake:4)
  A lava snake (Volcano)
  A hobgoblin (D:3)
  A ball python (D:3)
  24 foxfires
  41 fungi
  109 plants
  38 starspawn tentacles
  6 withered plants (Zot:3)
277 creatures vanquished.

Grand Total: 2582 creatures vanquished

Notes
Turn   | Place    | Note
-------+----------+-------------------------------------------
     0 | Abyss:1  | Hector the Djinni Abyssal Knight began the quest for the
                  | Orb.
     0 | Abyss:1  | Reached XP level 1. HP: 20/20 MP: 0/0
    82 | Abyss:1  | Noticed a starcursed mass
    83 | D:1      | Escaped the Abyss
   487 | D:1      | Reached XP level 2. HP: 25/25 MP: 0/0
   515 | D:1      | Reached * piety under Lugonu
   916 | D:1      | Reached XP level 3. HP: 27/30 MP: 0/0
   916 | D:1      | Learned a level 1 spell: Freeze
  1140 | D:1      | Found Sumicheh's Jewellery Emporium.
  2144 | D:2      | Reached skill level 1 in Spellcasting
  2144 | D:2      | Reached XP level 4. HP: 22/37 MP: 0/0
  2322 | D:2      | You are sucked into a shaft and drop 2 floors!
  2323 | D:4      | Noticed a scorpion
  2336 | D:4      | Killed a scorpion
  2337 | D:4      | Reached XP level 5. HP: 17/41 MP: 0/0
  2337 | D:4      | Learned a level 2 spell: Call Imp
  2557 | D:4      | Reached skill level 4 in Fighting
  3145 | D:2      | You are sucked into a shaft and drop 2 floors!
  3422 | D:2      | Reached ** piety under Lugonu
  3607 | D:3      | Found a shimmering altar of Xom.
  4145 | D:3      | Reached XP level 6. HP: 35/47 MP: 0/0
  4552 | D:3      | Noticed Grinder
  4681 | D:3      | Killed Grinder
  5580 | D:4      | Noticed Eustachio
  5665 | D:4      | Killed Eustachio
  5666 | D:4      | Reached XP level 7. HP: 33/53 MP: 0/0
  5666 | D:4      | Learned a level 3 spell: Mephitic Cloud
  5823 | D:4      | Found a hazy altar of Hepliaklqana.
  5824 | D:4      | Found a shadowy altar of Dithmenos.
  5833 | D:4      | Noticed a shadow
  6673 | D:5      | Entered Level 5 of the Dungeon
  6985 | D:5      | Found a white marble altar of Elyvilon.
  7507 | D:5      | Reached *** piety under Lugonu
  7508 | D:5      | Reached XP level 8. HP: 50/58 MP: 0/0
  7520 | D:5      | Reached skill level 5 in Spellcasting
  8013 | D:5      | Found a staircase to the Ecumenical Temple.
  8169 | D:6      | Noticed Edmund
  8177 | D:6      | Killed Edmund
  8538 | D:6      | Noticed Blork the orc
  8547 | D:6      | Killed Blork the orc
  8555 | D:6      | Noticed Sigmund
  8565 | D:6      | Killed Sigmund
  8566 | D:6      | Reached XP level 9. HP: 53/64 MP: 0/0
  8566 | D:6      | Learned a level 4 spell: Olgreb's Toxic Radiance
  8572 | D:6      | Reached skill level 5 in Fighting
  8832 | D:6      | Found Ilumo's General Store.
  8841 | D:6      | Found a glowing golden altar of the Shining One.
  9310 | D:7      | Noticed Duvessa
  9321 | D:7      | Killed Duvessa
  9842 | D:7      | Noticed a red ugly thing
  9851 | D:7      | Noticed Dowan
  9856 | D:7      | Killed Dowan
 10947 | D:8      | Found Faxef's Jewellery Boutique.
 10953 | D:8      | Noticed a deep elf pyromancer
 10961 | D:8      | Killed a deep elf pyromancer
 10962 | D:8      | Reached XP level 10. HP: 53/70 MP: 0/0
 10993 | D:8      | Found Ickiere's Antique Weapon Shop.
 11240 | D:8      | Found Upaoddee's General Store.
 11520 | D:1      | Bought an amulet of regeneration for 390 gold pieces
 11897 | D:8      | Found a broken altar of Ashenzari.
 11905 | D:8      | Found a hide-covered altar of Uskayaw.
 11909 | D:8      | Found a snail-covered altar of Cheibriados.
 11910 | D:8      | Found an ornate altar of the Wu Jian Council.
 12031 | D:9      | Noticed Prince Ribbit
 12036 | D:9      | Killed Prince Ribbit
 12070 | D:9      | Noticed a boulder beetle
 12082 | D:9      | Killed a boulder beetle
 12082 | D:9      | Reached **** piety under Lugonu
 12176 | D:9      | Reached skill level 5 in Invocations
 12178 | D:9      | Reached skill level 6 in Fighting
 12233 | D:9      | Found a bloodstained altar of Trog.
 12251 | D:9      | Reached XP level 11. HP: 72/76 MP: 0/0
 12251 | D:9      | Learned a level 4 spell: Summon Ice Beast
 12316 | D:9      | Reached skill level 10 in Spellcasting
 12390 | D:9      | Reached skill level 5 in Dodging
 12849 | D:10     | Entered Level 10 of the Dungeon
 12980 | D:10     | Found a glowing silver altar of Zin.
 13247 | D:10     | Noticed a six-headed hydra
 13265 | D:10     | Killed a six-headed hydra
 13309 | D:10     | Reached ***** piety under Lugonu
 13418 | D:10     | Noticed a two-headed ogre
 13425 | D:10     | Killed a two-headed ogre
 13954 | D:11     | Noticed an eight-headed hydra
 13954 | D:11     | Found a staircase to the Orcish Mines.
 14069 | D:11     | Killed an eight-headed hydra
 14206 | D:11     | Found a staircase to the Lair.
 14244 | D:11     | Reached XP level 12. HP: 68/84 MP: 0/0
 14304 | D:11     | Noticed Conn's ghost (journeyman OpFE)
 14314 | D:11     | Found a runed translucent door.
 14418 | Lair:1   | Entered Level 1 of the Lair of Beasts
 14424 | Lair:1   | Noticed Grum
 14434 | Lair:1   | Killed Grum
 14442 | Lair:1   | Found a dark tunnel.
 14479 | Volcano  | Entered a volcano
 14769 | Volcano  | Reached skill level 7 in Fighting
 14825 | Volcano  | Noticed a fire crab
 14830 | Volcano  | Killed a fire crab
 15206 | Lair:1   | Noticed a seven-headed hydra
 15216 | Lair:1   | Killed a seven-headed hydra
 15504 | Lair:1   | Noticed a four-headed hydra
 15513 | Lair:1   | Killed a four-headed hydra
 15514 | Lair:1   | Reached skill level 1 in Shields
 15986 | Lair:2   | Reached XP level 13. HP: 70/91 MP: 0/0
 15986 | Lair:2   | Learned a level 5 spell: Freezing Cloud
 16682 | Lair:2   | Found a staircase to the Swamp.
 17159 | Lair:3   | Reached ****** piety under Lugonu
 17304 | Lair:3   | Reached skill level 8 in Fighting
 17569 | Lair:3   | Noticed an eight-headed hydra
 17575 | Lair:3   | Killed an eight-headed hydra
 17625 | Lair:3   | Found a shimmering altar of Xom.
 18133 | Lair:3   | Noticed a seven-headed hydra
 18139 | Lair:3   | Killed a seven-headed hydra
 18535 | Lair:4   | Found a staircase to the Snake Pit.
 18546 | Lair:4   | Identified the ring of Neol {rPois rCorr}
 18741 | Lair:4   | Noticed a five-headed hydra
 18748 | Lair:4   | Killed a five-headed hydra
 19436 | Lair:5   | Reached XP level 14. HP: 86/99 MP: 0/0
 19904 | Lair:5   | Reached skill level 9 in Fighting
 20444 | Lair:6   | Entered Level 6 of the Lair of Beasts
 20457 | Lair:6   | Found a staircase to the Slime Pits.
 20488 | Lair:6   | Identified a scroll of acquirement
 21566 | Lair:6   | Reached XP level 15. HP: 89/106 MP: 0/0
 21566 | Lair:6   | Learned a level 6 spell: Iron Shot
 22777 | D:12     | Reached skill level 15 in Spellcasting
 22830 | D:12     | Found a sparkling altar of Nemelex Xobeh.
 23650 | D:13     | Noticed Rupert
 23790 | Orc:1    | Entered Level 1 of the Orcish Mines
 24049 | Orc:1    | Reached skill level 10 in Fighting
 24104 | Orc:2    | Entered Level 2 of the Orcish Mines
 24168 | Orc:2    | Found a staircase to the Elven Halls.
 24193 | Orc:2    | Found a gate leading to a gauntlet.
 24193 | Orc:2    | Found Coxzimac's Mass Market.
 24202 | Gauntlet | Entered a Gauntlet
 24202 | Gauntlet | Found a transporter.
 24205 | Gauntlet | Found a transporter.
 24207 | Gauntlet | Found a transporter.
 24222 | Gauntlet | Found a transporter.
 24224 | Gauntlet | Found a transporter.
 24235 | Gauntlet | Found a transporter.
 24251 | Gauntlet | Found a transporter.
 24255 | Gauntlet | Found a transporter.
 24271 | Gauntlet | Found a transporter.
 24275 | Gauntlet | Found a transporter.
 24290 | Gauntlet | Found a transporter.
 24290 | Gauntlet | Found a transporter.
 24315 | Gauntlet | Found a transporter.
 24322 | Gauntlet | Found a transporter.
 24420 | Gauntlet | Gained mutation: You occasionally shout uncontrollably at
                  | your foes. [a neqoxec]
 24449 | Gauntlet | Identified the ring "Oshui" {rC+ Str+6 SInv}
 24588 | Orc:2    | Reached skill level 10 in Dodging
 25661 | Orc:2    | Found Xoaw's Magic Scroll Shoppe.
 25661 | Orc:2    | Found Ruddiq's Antique Weapon Shoppe.
 25662 | Orc:2    | Found Woatek's Armour Emporium.
 25662 | Orc:2    | Found Xoefy's Distillery.
 25669 | Orc:2    | Bought a scroll of identify for 22 gold pieces
 25682 | Orc:2    | Bought a scroll of teleportation for 33 gold pieces
 25682 | Orc:2    | Bought 2 scrolls of magic mapping for 77 gold pieces
 26041 | D:13     | Noticed Urug
 26054 | D:13     | Killed Urug
 26055 | D:13     | Reached XP level 16. HP: 75/114 MP: 0/0
 26138 | D:13     | Noticed Snorg
 26144 | D:13     | Killed Snorg
 26261 | D:13     | Acquired a +5 quick blade
 26263 | D:13     | Identified a +7 quick blade of distortion (a +5 quick blade
                  | corrupted by Lugonu)
 26263 | D:13     | Received a gift from Lugonu
 26572 | D:13     | Found Koiqoyfis's Weapon Boutique.
 26655 | D:13     | Killed Rupert
 26702 | D:13     | Reached skill level 1 in Short Blades
 26824 | D:13     | Found a gate to the Vaults.
 27009 | D:13     | Reached skill level 10 in Invocations
 28584 | D:15     | Entered Level 15 of the Dungeon
 28948 | D:15     | Found the +2 robe of Vines {NoPotionHeal Regen+++}
 29151 | D:15     | Reached skill level 11 in Fighting
 29473 | D:15     | Reached XP level 17. HP: 118/121 MP: 0/0
 29473 | D:15     | Learned a level 6 spell: Shadow Creatures
 29650 | D:15     | Found a staircase to the Depths.
 30107 | D:11     | Killed Conn's ghost
 30216 | Swamp:1  | Entered Level 1 of the Swamp
 30928 | Swamp:2  | Noticed a thorn hunter
 30933 | Swamp:2  | Killed a thorn hunter
 32118 | Snake:1  | Entered Level 1 of the Snake Pit
 32336 | Snake:1  | Reached XP level 18. HP: 128/129 MP: 0/0
 32397 | Snake:1  | Reached skill level 5 in Short Blades
 32664 | Snake:1  | Corrupted Snake:1
 32935 | Snake:1  | Found a runed translucent gate.
 32936 | Snake:1  | Found a runed translucent gate.
 32936 | Snake:1  | Noticed Feb132020's ghost (journeyman DsVM)
 32937 | Snake:1  | Found a runed translucent gate.
 32937 | Snake:1  | Noticed Nattfarinn's ghost (adept TrBe)
 33143 | Snake:2  | Escaped the Abyss
 33415 | D:8      | Bought a scroll of blinking for 90 gold pieces
 33415 | D:8      | Bought a potion of berserk rage for 60 gold pieces
 33447 | D:6      | Bought a scroll of blinking for 105 gold pieces
 33732 | Snake:2  | Identified the +5 great mace "Ucaxtuague" {venom, rElec
                  | rPois}
 33841 | Snake:2  | Noticed Frances
 33857 | Snake:2  | Killed Frances
 34114 | Snake:2  | Reached skill level 12 in Fighting
 34177 | Snake:2  | Found Cenad's Antique Weapon Boutique.
 34465 | Snake:2  | Identified the +0 pair of gloves of Okawaru's Reproof
                  | {*Slow rElec Dex+2}
 35297 | Snake:3  | Found Suexats's Armour Shoppe.
 35699 | Swamp:4  | Entered Level 4 of the Swamp
 36095 | Swamp:4  | Reached XP level 19. HP: 130/136 MP: 0/0
 36095 | Swamp:4  | Learned a level 7 spell: Summon Hydra
 36374 | Swamp:4  | Got a decaying rune of Zot
 36570 | D:11     | Acquired a manual of Invocations
 36733 | Snake:4  | Entered Level 4 of the Snake Pit
 36960 | Snake:4  | Noticed Aizul
 36968 | Snake:4  | Killed Aizul
 37177 | Snake:4  | Found Atuent's Weapon Boutique.
 37494 | Snake:4  | Identified Roxanne's Incunabulum of Clay
 37494 | Snake:4  | Noticed Roxanne
 37514 | Snake:4  | Killed Roxanne
 37631 | Snake:4  | Noticed Bai Suzhen
 37636 | Snake:4  | Corrupted Snake:4
 37873 | Snake:4  | Reached skill level 5 in Shields
 38115 | Snake:4  | Banished Bai Suzhen
 38195 | Snake:4  | Reached skill level 13 in Fighting
 38275 | Snake:4  | Got a serpentine rune of Zot
 38770 | Elf:1    | Entered Level 1 of the Elven Halls
 38772 | Elf:1    | Paralysed by an air elemental for 1 turns
 38778 | Elf:1    | Paralysed by an air elemental for 1 turns
 38790 | Elf:1    | Found Cetteust's Assorted Antiques.
 38846 | Elf:1    | Paralysed by an air elemental for 1 turns
 38848 | Elf:1    | Paralysed by an air elemental for 1 turns
 38990 | Elf:1    | Reached XP level 20. HP: 143/144 MP: 0/0
 39229 | Elf:1    | Identified the +0 ring mail of Noon {Will+}
 39274 | Elf:1    | Noticed Asterion
 39302 | Elf:1    | Killed Asterion
 39831 | Elf:2    | Found Meic's Weapon Shop.
 39855 | Elf:2    | Found a runed translucent gate.
 39929 | Elf:2    | Found a frozen archway.
 39939 | IceCv    | Entered an ice cave
 40158 | IceCv    | Noticed an Ice Fiend
 40169 | IceCv    | Killed an Ice Fiend
 40179 | IceCv    | Identified the +3 great mace of the Magic Mushroom {vorpal,
                  | rCorr Dex+2}
 40652 | Elf:2    | Found a huge runed gate.
 40652 | Elf:2    | Found a huge runed gate.
 40652 | Elf:2    | Found a huge runed gate.
 40652 | Elf:2    | Found a huge runed gate.
 40654 | Elf:2    | Found a huge runed gate.
 40654 | Elf:2    | Found a huge runed gate.
 40654 | Elf:2    | Found a huge runed gate.
 40654 | Elf:2    | Found a huge runed gate.
 40654 | Elf:2    | Found a huge runed gate.
 40660 | Elf:2    | Found a huge runed gate.
 40664 | Elf:2    | Found a huge runed gate.
 40665 | Elf:2    | Found a huge runed gate.
 40674 | Elf:2    | Found a huge runed gate.
 40674 | Elf:2    | Found a huge runed gate.
 40801 | Elf:2    | Found a runed translucent gate.
 40802 | Elf:2    | Found a runed translucent gate.
 40839 | Elf:2    | Found a huge runed gate.
 40839 | Elf:2    | Found a huge runed gate.
 40839 | Elf:2    | Found a huge runed gate.
 40841 | Elf:2    | Found a huge runed gate.
 40841 | Elf:2    | Found a huge runed gate.
 40846 | Elf:2    | Found a huge runed gate.
 40847 | Elf:2    | Found a huge runed gate.
 40848 | Elf:2    | Found a huge runed gate.
 40849 | Elf:2    | Found a huge runed gate.
 40861 | Elf:2    | Found a huge runed gate.
 40861 | Elf:2    | Found a huge runed gate.
 40867 | Elf:2    | Found a huge runed gate.
 40867 | Elf:2    | Found a huge runed gate.
 40867 | Elf:2    | Found a huge runed gate.
 40883 | Elf:2    | Found a huge runed gate.
 40883 | Elf:2    | Found a huge runed gate.
 40883 | Elf:2    | Found a huge runed gate.
 40883 | Elf:2    | Found a huge runed gate.
 40883 | Elf:2    | Found a huge runed gate.
 40883 | Elf:2    | Found a huge runed gate.
 41045 | Elf:2    | Found a huge runed gate.
 41045 | Elf:2    | Found a huge runed gate.
 41103 | Elf:3    | Entered Level 3 of the Elven Halls
 41114 | Elf:3    | Paralysed by an air elemental for 1 turns
 41120 | Elf:3    | Paralysed by an air elemental for 1 turns
 41124 | Elf:3    | Paralysed by an air elemental for 1 turns
 41208 | Elf:3    | Paralysed by an air elemental for 1 turns
 41864 | Elf:3    | Reached XP level 21. HP: 118/151 MP: 0/0
 41864 | Elf:3    | Learned a level 7 spell: Ozocubu's Refrigeration
 41888 | Elf:3    | Identified the +5 flail of Ysun {vorpal, rF+ Int+3}
 41888 | Elf:3    | Identified the +1 leather armour of Jyntiweq {rN+}
 42031 | Elf:3    | Identified the ring of Lucidity {Fire Dex+10}
 42132 | Elf:3    | Found the ring of the Tortoise {AC+8}
 42168 | Elf:3    | Identified the ring "Qeiroac" {rF+ EV+4}
 43098 | D:11     | Acquired a manual of Spellcasting
 43193 | Vaults:1 | Entered Level 1 of the Vaults
 43202 | Vaults:1 | Reached skill level 14 in Fighting
 43361 | Vaults:1 | Reached skill level 10 in Shields
 43378 | Vaults:1 | Reached skill level 15 in Invocations
 44074 | Vaults:1 | Reached XP level 22. HP: 73/159 MP: 0/0
 45209 | Vaults:2 | Reached skill level 15 in Fighting
 45975 | Vaults:2 | Found a staircase to the Crypt.
 46715 | Vaults:3 | Reached skill level 16 in Fighting
 46950 | Vaults:3 | Reached XP level 23. HP: 165/169 MP: 0/0
 46950 | Vaults:3 | Learned a level 8 spell: Borgnjor's Revivification
 47000 | Vaults:3 | Identified the +3 flail of Xaddifyd {vorpal, Dex+4}
 47820 | Vaults:4 | Found Kuwkom's Antique Armour Shop.
 48573 | Vaults:4 | Reached skill level 17 in Fighting
 49443 | Elf:2    | Paralysed by an air elemental for 1 turns
 49447 | Elf:2    | Reached skill level 15 in Dodging
 49518 | Elf:2    | Identified the Papyrus of Malediction
 49589 | Elf:2    | Corrupted Elf:2
 50376 | Depths:1 | Entered Level 1 of the Depths
 50381 | Depths:1 | Reached XP level 24. HP: 160/179 MP: 0/0
 50454 | Depths:1 | Reached skill level 15 in Shields
 50505 | Depths:1 | Identified the +10 whip of Qazlal's Hope {flame, rF+}
 50537 | Depths:1 | Found a gateway to Hell.
 50556 | Depths:1 | Noticed Mara
 50564 | Depths:1 | Killed Mara
 50660 | Depths:1 | Reached skill level 18 in Fighting
 50961 | Depths:1 | Noticed the Enchantress
 50965 | Depths:1 | Killed the Enchantress
 51038 | Depths:1 | Found a one-way gate leading to the halls of Pandemonium.
 51182 | Depths:1 | Found Yhuwk's Overcharged Wands.
 51385 | Depths:1 | Identified the +4 flail of Wounding {pain, Str+2}
 52056 | Depths:2 | Reached skill level 19 in Fighting
 52304 | Depths:2 | Found a glowing golden altar of the Shining One.
 53009 | Depths:2 | Identified Hoxteipn's Tome of Execration and Snow
 53226 | D:11     | Upgraded the game from 0.27-a0-1334-g2746e35aca to
                  | 0.27-a0-1374-gc14e5d3922
 53477 | Depths:3 | Reached XP level 25. HP: 171/193 MP: 0/0
 53477 | Depths:3 | Learned a level 8 spell: Ignition
 53728 | Depths:3 | Reached skill level 20 in Fighting
 53963 | Depths:3 | Found a runed translucent door.
 53965 | Depths:3 | Found a runed translucent door.
 54105 | Depths:3 | Found a blossoming altar of Fedhas.
 54198 | Depths:3 | Identified the ring "Ilosuos" {rN+ Str+3}
 54255 | Depths:3 | Found a runed translucent door.
 54282 | Depths:3 | Identified the +0 pair of boots of Distant Worlds {Regen+
                  | rCorr Str+7 Dex-3}
 54309 | Depths:3 | Found a gateway to a ziggurat.
 55082 | Depths:4 | Found a corrupted altar of Lugonu.
 55082 | Depths:4 | Found a one-way gate to the infinite horrors of the Abyss.
 55123 | Depths:4 | Identified the +0 pair of boots "Leusiqo" {rN+ Will+}
 56248 | Depths:4 | Noticed a juggernaut
 56258 | Depths:4 | Killed a juggernaut
 56259 | Depths:4 | Reached XP level 26. HP: 168/201 MP: 0/0
 56978 | Depths:5 | Entered Level 5 of the Depths
 56992 | Depths:5 | Noticed Sojobo
 56998 | Depths:5 | Killed Sojobo
 57243 | Depths:4 | Identified the +8 quarterstaff of Tifiejie {elec, rPois
                  | rCorr Str-3 Int+2}
 58100 | Depths:5 | Found a gate to the Realm of Zot.
 58280 | Depths:5 | Identified the ring of Surprise {Int+6 Dex+7}
 58285 | Depths:5 | Noticed Boris
 58294 | Depths:5 | Killed Boris
 58951 | Orc:2    | Bought a potion of heal wounds for 90 gold pieces
 58951 | Orc:2    | Bought a potion of curing for 54 gold pieces
 58951 | Orc:2    | Bought a potion of heal wounds for 90 gold pieces
 58951 | Orc:2    | Bought a potion of berserk rage for 90 gold pieces
 58951 | Orc:2    | Bought a potion of ambrosia for 144 gold pieces
 58951 | Orc:2    | Bought a potion of curing for 54 gold pieces
 58951 | Orc:2    | Bought a potion of resistance for 180 gold pieces
 58955 | Orc:2    | Bought a scroll of fog for 22 gold pieces
 58955 | Orc:2    | Bought a scroll of enchant armour for 82 gold pieces
 59046 | Elf:1    | Bought a potion of heal wounds for 140 gold pieces
 59046 | Elf:1    | Bought a scroll of teleportation for 84 gold pieces
 59205 | D:8      | Bought a potion of curing for 36 gold pieces
 59205 | D:8      | Bought a potion of invisibility for 96 gold pieces
 59405 | Snake:2  | Bought a pitted flail for 323 gold pieces
 59405 | Snake:2  | Identified the +3 flail "Nuycibaf" {vorpal, rPois Will-
                  | SInv} (You bought it in a shop on level 2 of the Snake Pit)
 59466 | Snake:3  | Bought a +2 cloak of willpower for 387 gold pieces
 59913 | Vaults:5 | Entered Level 5 of the Vaults
 59914 | Vaults:5 | Corrupted Vaults:5
 60460 | Vaults:5 | Reached skill level 21 in Fighting
 60462 | Vaults:5 | Identified the +7 chain mail of Feasting {Will+ Str+7 Dex-5
                  | Slay-3}
 60462 | Vaults:5 | Identified the ring "Yma Hyzi" {rC++ rCorr Int+6 Dex+6}
 60618 | Vaults:5 | Identified the +9 war axe of Sosho {flame, rPois rCorr
                  | Int+3 Dex+4}
 60618 | Vaults:5 | Identified the +8 chain mail "Vomeaschelor" {*Corrode rF+
                  | rC+ Int+4}
 60618 | Vaults:5 | Identified the ring of Hoji Lupu {EV+4 Int+5 Dex+2 Slay+2}
 60779 | Vaults:5 | Noticed a dread lich
 60787 | Vaults:5 | Killed a dread lich
 60788 | Vaults:5 | Reached XP level 27. HP: 185/209 MP: 0/0
 60788 | Vaults:5 | Learned a level 9 spell: Death's Door
 60792 | Vaults:5 | Noticed Boris
 60803 | Vaults:5 | Killed Boris
 60884 | Vaults:5 | Identified the +9 short sword "Juomav" {venom, +Rage rPois
                  | rN+ SInv}
 60923 | Vaults:5 | Identified the +1 dagger of the Inferno {drain, Str+4
                  | Int+5}
 60952 | Vaults:5 | Identified the +3 scale mail of Yesterday {rF+ Dex+3 SInv}
 60953 | Vaults:5 | Identified the +1 fire dragon scales of Naud {Rampage rElec
                  | rF++ rC- Regen+ Dex-4}
 61083 | Vaults:5 | Identified the +11 falchion "Zirr" {freeze, *Rage Str-3
                  | Int+8 SInv}
 61224 | Vaults:5 | Noticed a dread lich
 61227 | Vaults:5 | Killed a dread lich
 61372 | Vaults:5 | Identified the +2 trident "Hell-Harrower" {flame, Fragile
                  | Int+6}
 61558 | Vaults:5 | Identified the ring "Uptyg" {Ice rPois rCorr}
 62194 | Vaults:5 | Gained mutation: You are dopey. (Int -2) [a shining eye]
 62280 | Vaults:5 | Found the +2 cloak of the Thief {*Fog Slay-2 SInv Stlth+}
 62308 | Vaults:5 | Got a silver rune of Zot
 63395 | D:11     | Acquired a +0 kite shield of fire resistance
 63397 | D:11     | Acquired the +2 pair of gloves "Mein" {rElec rN+ rCorr
                  | Stlth-}
 63608 | Snake:1  | Killed Feb132020's ghost
 63610 | Snake:1  | Killed Nattfarinn's ghost
 64077 | Zot:1    | Entered Level 1 of the Realm of Zot
 64228 | Zot:1    | Reached skill level 22 in Fighting
 65275 | Zot:2    | Reached skill level 23 in Fighting
 66119 | Zot:3    | Reached skill level 10 in Short Blades
 66160 | Zot:3    | Found a runed translucent gate.
 66160 | Zot:3    | Found a runed translucent gate.
 66161 | Zot:3    | Found a runed translucent gate.
 66161 | Zot:3    | Noticed Peqeif's ghost (legendary GnMo)
 66213 | Zot:3    | Noticed Iryommi's ghost (legendary KoDe)
 66398 | Zot:3    | Reached skill level 24 in Fighting
 67016 | Zot:3    | Noticed a Killer Klown
 67019 | Zot:3    | Killed a Killer Klown
 67064 | Zot:3    | Noticed a shard shrike
 67075 | Zot:3    | Killed a shard shrike
 67152 | Zot:3    | Identified the +6 war axe of Fedhas's Inspiration {drain,
                  | rC++ Int-4}
 67155 | Zot:3    | Identified the +5 broad axe of Ofosseff {vorpal, rPois rN++
                  | Int+2 Dex+3}
 67301 | Zot:3    | Corrupted Zot:3
 67328 | Zot:3    | Killed Iryommi's ghost
 67341 | Zot:3    | Killed Peqeif's ghost
 67997 | Zot:4    | Reached skill level 25 in Fighting
 68921 | Zot:5    | Entered Level 5 of the Realm of Zot
 69365 | Zot:5    | Noticed an orb of fire
 69371 | Zot:5    | Noticed a Killer Klown
 69373 | Zot:5    | Noticed an orb of fire
 69383 | Zot:5    | Killed an orb of fire
 69384 | Zot:5    | Noticed an orb of fire
 69393 | Zot:5    | Killed an orb of fire
 69458 | Zot:5    | Noticed a dread lich
 69459 | Zot:5    | Killed a Killer Klown
 69463 | Zot:5    | Killed an orb of fire
 69464 | Zot:5    | Killed a dread lich
 69465 | Zot:5    | Reached skill level 15 in Short Blades
 69470 | Zot:5    | Reached skill level 26 in Fighting
 69496 | Zot:5    | Noticed an ancient lich
 69497 | Zot:5    | Noticed a Killer Klown
 69498 | Zot:5    | Noticed a Killer Klown
 69500 | Zot:5    | Killed a Killer Klown
 69501 | Zot:5    | Noticed a Killer Klown
 69502 | Zot:5    | Noticed a Killer Klown
 69504 | Zot:5    | Noticed a dread lich
 69504 | Zot:5    | Killed an ancient lich
 69506 | Zot:5    | Killed a Killer Klown
 69509 | Zot:5    | Killed a Killer Klown
 69509 | Zot:5    | Noticed a Killer Klown
 69511 | Zot:5    | Killed a Killer Klown
 69512 | Zot:5    | Noticed a Killer Klown
 69514 | Zot:5    | Noticed a Killer Klown
 69515 | Zot:5    | Killed a dread lich
 69517 | Zot:5    | Killed a Killer Klown
 69518 | Zot:5    | Killed a Killer Klown
 69603 | Zot:5    | Killed a Killer Klown
 69626 | Zot:5    | Reached skill level 27 in Fighting
 69704 | Zot:5    | Noticed a Killer Klown
 69723 | Zot:5    | Killed a Killer Klown
 69882 | Zot:5    | Noticed a Killer Klown
 69891 | Zot:5    | Killed a Killer Klown
 70582 | Zot:5    | Got the Orb of Zot
 70816 | Depths:2 | Noticed Hiaq Hothre the pandemonium lord
 71117 | D:4      | Noticed a seraph
 71225 | D:1      | Woot!
 71226 | D:$      | Escaped with the Orb!

Illustrated notes

#.## #.# #.#.#.# #
#.####.##### #.#.#.# #
...........#######.# #
#.####.###....+.##.# # ..#
#.# ######.##.# # ###
#.########.##.####### #
######........#.##.......#
#
....###########.########.#
# ###.# #.'.@# #.# # # #.#
####.#.##### #.# # # #.#
#....#.#...# #.# # # #.#
#.####.###.####.#### # #
#.# #.####.# #.........# #
###.# #.##.+.#
######.##.##### ....#
####.##.### #.##......
##### #.......# #.##.#####
...# #.##.##.# ######.##.#


Turn 71225 on D:1: Woot!

Levels and vault maps discovered:
D:1:      minmay_arrival_three_doors, layout_loops_ring, serial_shops,
          nicolae_square_shop, grunt_decor_arrowhead
D:2:      minmay_door_path, layout_loops_corners, minivault_14
D:3:      layout_loops_cross, xom_confusion_cloud, uniq_grinder
D:4:      layout_cave_pools, riverfiend_overflow_shadow_ancestor,
          serial_co_window_serial, co_window_of_opportunity_a,
          co_window_corner_a, co_window_paths_a, co_window_corner_a,
          co_window_cross_1, co_window_2corner, co_window_corner_ca,
          co_window_corner_b, co_window_broadway_b, co_window_of_opportunity_c,
          co_window_unsneaky_path_c, glass_columns_c, glass_columns_b,
          glass_columns_a, uniq_eustachio
D:5:      layout_basic, kiku_gazebo_pond_becter, elyvilon_altar_1,
          minmay_temple_entry_statues_pillars, grunt_decor_mini_mirrors
D:6:      layout_cave_pools, kennysheep_mini, serial_shops, shop,
          uniq_blork_the_orc, uniq_sigmund, uniq_edmund
D:7:      layout_basic, ebering_dispersal_statue_hall,
          kennysheep_generic_room_13, uniq_duvessa
D:8:      layout_cave_pools, minitemple, serial_shops, nicolae_shop_waterfront,
          shop, shop, grunt_ministairs_11
D:9:      layout_irregular_city, trog_butcher_becter, minmay_microvault,
          uniq_prince_ribbit1
D:10:     layout_basic, zin_statuary, minmay_holes, kennysheep_decorative_pillar
D:11:     layout_roguey [special_room_bee], lair_entry_dummy, orc_0_dummy,
          hellmonk_ghost_happy_afterlife
D:12:     layout_basic, nemelex_diamond_rough_becter
D:13:     layout_basic, david_vaults_2, serial_shops, nicolae_shop_behind_doors,
          uniq_snorg, uniq_urug, uniq_rupert
D:14:     layout_loops_cross, serial_park_paths [serial_park_minivault_5x5_8]
D:15:     hangedman_depths_entry_try_elsewhere_first, layout_loops_corners,
          chequers_serial_rivers_micro_c, hellmonk_guarded_unrand_vines
Lair:1:   layout_cave_pods, nicolae_volcano_entry_lava_flow, uniq_grum
Lair:2:   layout_layer_cave, swamp_mist, grunt_forest_large_clearings,
          infiniplex_staircase_pool
Lair:3:   layout_loops_ring, basic_altar, grunt_megastairs_3,
          serial_bayou_shore_a
Lair:4:   layout_cave_pods, guppyfry_snake_entry_island, st_stairs_4
Lair:5:   layout_roguey, grunt_megastairs_2
Lair:6:   minmay_lair_end_enchanted_forest, layout_cave_pods, slime_dummy
Swamp:1:  layout_basic_swamp, evilmike_swamp_ruin_rubble_1
Swamp:2:  layout_basic_swamp, evilmike_swamp_ruin_house_6
Swamp:3:  layout_basic_swamp, nicolae_swamp_ascending_descending_big
Swamp:4:  swamp_icy, layout_basic_swamp
Snake:1:  layout_misc_corridors, gammafunk_ghost_cemetery,
          nicolae_snake_dead_anacondas
Snake:2:  layout_misc_corridors, serial_shops, nicolae_shop_behind_doors,
          uniq_frances
Snake:3:  layout_gridlike, nicolae_wooded_promenade, st_stairs_12,
          grunt_megastairs_4, lemuel_fruit_tree
Snake:4:  snake_pit, layout_cave_shapes, serial_shops, nicolae_shop_waterfront,
          uniq_bai_suzhen, uniq_aizul, uniq_roxanne
Orc:1:    layout_caves, basic_altar
Orc:2:    st_orc_pillars, layout_diamond_mine, gauntlet_entry_generic,
          minmay_shop_mass
Elf:1:    layout_gridlike, serial_shops, nicolae_shop_trees,
          kennysheep_underground_church, uniq_asterion
Elf:2:    layout_onion_city, portal_ice_cave_entry_horrid_things, serial_shops,
          nicolae_shop_crystal, door_vault
Elf:3:    minmay_elf_hall_spiked, layout_rooms
Vaults:1: v_misc_15, vaults_mumra_minichess_inversion, vaults_room_fancy_cross,
          nicolae_vaults_triangles, st_octagons_1, v_misc_16, vaults_room_fours,
          grunt_vaults_swirl, vaults_room_grid, v_alt_pattern_2,
          grunt_vaults_focal, nicolae_vaults_shelves_hall,
          nicolae_vaults_rhombus_6, v_misc_33, vaults_dpeg_diagonal,
          layout_vaults_omnibox
Vaults:2: nicolae_vaults_windows_and_doors_thing, hangedman_vaults_restitches,
          blue_anna_dwarven_crypt, v_misc_28, v_rooms_4,
          dpeg_vaults_monster_box, grunt_vaults_twisty,
          hangedman_vaults_stretched_pinwheel, vaults_dpeg_ring,
          layout_vaults_omnigrid
Vaults:3: vaults_room_door_ring, vaults_dpeg_doors, v_pattern_5,
          hangedman_vaults_corner, v_rooms_6, nicolae_vaults_mini_display_case,
          v_rooms_2, v_misc_10, v_alt_pattern_3, v_misc_19,
          layout_vaults_omnicross
Vaults:4: hangedman_vaults_capsules, hangedman_vaults_maws,
          nicolae_vaults_halls_meeting, hangedman_vaults_stitches,
          nicolae_vaults_circle_grid_a, hangedman_vaults_pinch,
          nicolae_vaults_big_ls, nicolae_vaults_ring_of_whatevers,
          nicolae_vaults_little_squares_2, ontoclasm_vaults_gateway,
          layout_vaults_ring, serial_shops, shop_fountains
Vaults:5: serial_shops
Depths:1: minmay_four_inscribed_fans, layout_cave_shapes, hell_entry,
          grunt_decor_clamped, rand_demon_pan_entry_3, serial_column_ruins,
          column_ruins_open_tiny_water, column_ruins_columns_straight,
          column_ruins_grid_1, column_ruins_open_small, column_ruins_grid_1,
          minivault_10, nicolae_shop_overcharged_wands, uniq_mara,
          uniq_enchantress
Depths:2: minmay_curly_fans, layout_small_grid, rand_demon_pan_entry_4,
          pf_hell_entry_tar_spiral, nicolae_tso_carved_into_rock,
          minmay_staircase_bubble
Depths:3: minmay_the_grid_triangle_9x9_recursive_2
          [minmay_the_grid_triangle_9x9_prize_top_heavy,
          minmay_the_grid_triangle_9x9_shrine,
          minmay_the_grid_triangle_9x9_fully_insulated_deathbox,
          minmay_the_grid_triangle_9x9_semitri], layout_basic, enter_ziggurat_c,
          hangedman_coc_ice_floe, pan_entry, kennysheep_boxes,
          infiniplex_staircase_pool_lava
Depths:4: minmay_inside_and_out, layout_cave_shapes, solitary_fountain,
          grunt_hell_horde, abyss_entry_flame_altar, firewood_loft
Depths:5: grunt_bruiser_brothers, layout_gridlike, hell_entry,
          minmay_curled_crystal, pan_entry, marbit_kobold_abyss_entry,
          uniq_boris, uniq_sojobo
Zot:1:    layout_misc_corridors
Zot:2:    layout_gridlike, st_stairs_11
Zot:3:    layout_cathedral_of_symmetry, gammafunk_ghost_cemetery,
          hangedman_zot_spectrum, grunt_megastairs_1
Zot:4:    layout_concentric_octagons, nicolae_zot_crop_circle
Zot:5:    layout_gridlike

Skill      XL: |  1  2  3  4  5  6  7  8  9 10 11 12 13 14 15 16 17 18 19 20 21 22 23 24 25 26 27 |
---------------+----------------------------------------------------------------------------------+-----
Axes           | 2 |  2.2
Spellcasting   | 1 2 4 6 8 9 11 12 13 14 15 16 17 18 19 20 21 22 24 | 24.0
Fighting       | 4 5 6 7 8 9 10 11 12 13 14 16 17 19 20 21 27 | 27.0
Invocations    | 2 3 4 5 6 7 8 9 10 11 12 14 15 16 | 16.0
Armour         | 2 |  2.6
Dodging        | 3 4 5 6 8 9 10 11 12 14 15 | 15.0
Shields        | 2 4 6 9 10 12 14 15 | 15.0
Short Blades   | 3 4 6 7 8 17 | 17.1

Action                   |  1- 3 |  4- 6 |  7- 9 | 10-12 | 13-15 | 16-18 | 19-21 | 22-24 | 25-27 || total
-------------------------+-------+-------+-------+-------+-------+-------+-------+-------+-------++-------
Melee: Hand axe          |    76 |    23 |    46 |    48 |    14 |       |       |       |       ||   207
       Short sword       |       |       |       |    18 |       |       |       |       |       ||    18
       Dire flail        |       |       |       |     1 |       |       |       |       |       ||     1
       Quick blade       |       |       |       |       |       |    16 |    50 |     3 |    71 ||   140
 Cast: Freeze            |    36 |    95 |    66 |     8 |    96 |       |       |       |       ||   301
       Call Imp          |       |    15 |    63 |    31 |     6 |    11 |     1 |       |       ||   127
       Mephitic Cloud    |       |       |    23 |    36 |    22 |     2 |       |    14 |     1 ||    98
       Olgreb's Toxic Ra |       |       |    22 |    96 |   204 |    41 |    43 |    40 |    13 ||   459
       Summon Ice Beast  |       |       |       |    91 |   178 |    96 |   100 |   182 |   195 ||   842
       Freezing Cloud    |       |       |       |       |   124 |   120 |    86 |    56 |     3 ||   389
       Iron Shot         |       |       |       |       |    44 |   308 |   159 |    93 |   476 ||  1080
       Shadow Creatures  |       |       |       |       |       |   136 |   124 |    66 |   139 ||   465
       Summon Hydra      |       |       |       |       |       |       |   132 |    85 |    40 ||   257
       Ozocubu's Refrige |       |       |       |       |       |       |   105 |   323 |   392 ||   820
       Ignition          |       |       |       |       |       |       |       |       |   241 ||   241
Invok: Depart the Abyss  |     1 |       |       |       |       |     1 |       |       |       ||     2
       Bend Space        |       |     1 |       |       |       |     2 |     1 |       |     3 ||     7
       Brand Weapon With |       |       |       |       |       |     1 |       |       |       ||     1
       Banish            |       |       |       |       |       |     4 |     1 |       |       ||     5
       Corrupt           |       |       |       |       |       |     1 |     1 |     1 |     2 ||     5
       Enter the Abyss   |       |       |       |       |       |     1 |       |       |       ||     1
Evoke: Wand              |       |     5 |     1 |       |       |       |       |       |     7 ||    13
  Use: Scroll            |       |     8 |     5 |     3 |     9 |     5 |     5 |       |    20 ||    55
       Potion            |       |       |       |       |       |       |       |       |     3 ||     3
 Stab: Sleeping          |     1 |       |       |       |       |       |       |       |       ||     1
       Distracted        |       |     1 |     1 |     1 |       |       |     1 |       |     1 ||     5
       Confused          |       |       |       |     3 |       |       |       |       |       ||     3
Armor: Leather armour    |    45 |    24 |    14 |       |       |       |       |       |       ||    83
       Ring mail         |       |       |     4 |       |       |       |       |       |       ||     4
       Robe              |       |       |     4 |    35 |    17 |    24 |    27 |     7 |    15 ||   129
Dodge: Dodged            |    75 |    79 |    64 |    93 |   117 |   170 |   125 |    56 |   214 ||   993
Block: Other             |       |    15 |    18 |     4 |       |       |       |       |       ||    37
       Reflection        |       |     1 |     1 |       |       |       |       |       |       ||     2
       Buckler           |       |       |       |       |    16 |    45 |    20 |       |       ||    81
       Kite shield       |       |       |       |       |       |       |    43 |    65 |   134 ||   242

Table legend: (Time is in decaauts)
 A = Elapsed time spent in this place.
 B = Non-inter-level travel time spent in this place.
 C = Inter-level travel time spent in this place.
 D = Time resting spent in this place.
 E = Time spent auto-exploring this place.
 F = Levels seen in this place.
 G = Mean time per level.
                   A        B        C        D        E       F      G
               +--------+--------+--------+--------+--------+-----+--------+
         Total |  71442 |  58037 |  13405 |   4294 |  32476 |  54 | 1323.0 |
       Dungeon |  23597 |  17893 |   5704 |   2594 |  11043 |  15 | 1573.1 |
          Lair |   8405 |   6585 |   1820 |    188 |   4706 |   6 | 1400.8 |
         Swamp |   2580 |   2290 |    290 |     35 |   1259 |   4 |  645.0 |
     Snake Pit |   5247 |   4297 |    950 |    189 |   1941 |   4 | 1311.8 |
  Orcish Mines |   2006 |   1544 |    462 |    212 |    811 |   2 | 1003.0 |
   Elven Halls |   4289 |   3428 |    861 |    141 |   1461 |   3 | 1429.7 |
        Vaults |   9323 |   7966 |   1357 |    319 |   4136 |   5 | 1864.6 |
        Depths |   7909 |   6559 |   1350 |     55 |   3774 |   5 | 1581.8 |
           Zot |   6659 |   6051 |    608 |    397 |   3243 |   5 | 1331.8 |
         Abyss |    112 |    112 |      0 |     27 |     67 |   2 |   56.0 |
      Ice Cave |    392 |    392 |      0 |     14 |     34 |   1 |  392.0 |
       Volcano |    566 |    566 |      0 |    101 |      0 |   1 |  566.0 |
      Gauntlet |    350 |    350 |      0 |     22 |      0 |   1 |  350.0 |
               +--------+--------+--------+--------+--------+-----+--------+

Top non-repeatable levels by time:
Vaults:5: 2705 daAuts
    D:11: 2162 daAuts
     D:1: 1988 daAuts
Vaults:1: 1974 daAuts
    D:12: 1900 daAuts
Depths:4: 1890 daAuts
    D:13: 1873 daAuts
Vaults:2: 1797 daAuts
    D:15: 1781 daAuts
     D:5: 1747 daAuts
     D:3: 1741 daAuts
     D:4: 1715 daAuts
     D:7: 1706 daAuts
   Zot:3: 1684 daAuts
Depths:1: 1680 daAuts
